 BcadrenCrawl: Boulder Brew version 0.03.3.1-31-gd4c2611de9 (webtiles) character file.

Game seed: 13905870541801087464, levelgen mode: deterministic

2506 Chiseanne the Nimble (level 9, 0/59 HPs) Goblin Demonspawn. Began on Mar 18, 2021. Was an Initiate of Gozag Ym Sagoz. Slain by an adder skeleton (2 damage) ... on level 5 of the Dungeon. The game lasted 00:23:24 (5219 turns).

Chiseanne the Nimble (Goblin Demonspawn)            Turns: 5219, Time: 00:23:24

Health: 0/59       AC:  6    Str:  8    XL:     9 ^: 328
Magic:  15/15      EV: 16    Int: 11    God:    Gozag Ym Sagoz
Gold:   245        SH:  0    Dex:  6    Spells: 12/21 levels left

rFire    . . .     Vision   .   a - +4 rapier (acid)
rCold    + . .     Gourm    .   s - +2 long sword
rNeg     + . .     Faith    .   b - +0 leather armour
rPois    .         Spirit   .   (helmet restricted)
rElec    +         Reflect  .   t - +0 cloak {+Inv}
rCorr    .         Harm     .   (no gloves)
MR       .....                  (no boots)
Stlth    +++.......             h - amulet of chaos
HPRegen  0.29/turn              j - ring of intelligence
MPRegen  0.25/turn              (no ring)

@: lethally poisoned (0 -> -1), about to teleport, hasted, very quick
A: small, stagnant stats, goblin's greed, horns 2, iridescent scales 1, low mp
1, mutation resistance 1, nightstalker 1, god's pity 2
a: Potion Petition, Call Merchant, Bribe Branch, Renounce Religion, Evoke
Invisibility


You were on level 5 of the Dungeon.
You worshipped Gozag Ym Sagoz.
Gozag Ym Sagoz was aware of your devotion.
You were not hungry.

You visited 2 branches of the dungeon, and saw 6 of its levels.

You collected 233 gold pieces.
You paid 33 gold pieces to Gozag.

Inventory:

Weapons
 a - a +4 rapier of caustic ooze (weapon)
 s - a +2 long sword (weapon)
Armour
 b - a +0 leather armour (worn)
 t - a +0 cloak of invisibility (worn)
Jewellery
 e - a cursed ring of ice {(Curse: *Corrode MP-9)}
 g - an uncursed amulet of reflection
 h - an amulet of chaos (around neck)
 j - a ring of intelligence (left hand)
 n - a cursed amulet of guardian spirit {(Curse: Slay-4)}
Wands
 f - a wand of iceblast
 v - a wand of flame (2)
Scrolls
 l - a scroll of magic mapping
 o - a scroll of immolation
Potions
 m - a potion of berserk rage
 u - a potion of brilliance
Comestibles
 d - 6 rations


   Skills:
 - Level 4.5 Fighting
 * Level 4.3 Short Blades
 * Level 9.0 Dodging
 - Level 4.4 Stealth
 * Level 6.5 Spellcasting
 * Level 3.3 Translocations
 - Level 6.0 Fire Magic
 * Level 3.3 Air Magic
 * Level 3.3 Poison Magic
   Level 4.0 Invocations


You had 12 spell levels left.
You knew the following spells:

 Your Spells              Type           Power        Failure   Level  Hunger
a - Lick                  Fire           16 (30)      1%          1    None
b - Random Cloud          Fire           16 (100)     5%          3    ###....
c - Blink                 Tloc           N/A          9%          2    ##.....
d - Chaotic Cloudburst    Pois/Air       10 (100)     17%         3    ###....

Your spell library contained the following spells:

 Spells                   Type           Power        Failure   Level  Hunger
 Call Imp                 Summ           3 (100)      32%         2    ##.....
 Slow                     Hex            3 (100)      32%         2    ##.....


Dungeon Overview and Level Annotations

Branches:
Dungeon (5/8)              Temple (1/1) D:4
   Lair: D:5

Altars:
Ashenzari
Dithmenos
Elyvilon
Fedhas Madash
Gozag Ym Sagoz
Kikubaaqudgha
Makhleb
Okawaru
Qazlal
Ru
Sif Muna
Trog
Uskayaw
Vehumet
Wu Jian
Xom
Yredelemnul
The Shining One

Shops:
D:2 =(   D:4 :


Innate Abilities, Weirdness & Mutations

Your stats never grow through leveling.
Your goblin ancestry allows you to find more gold. (+20%)
You are small and have problems with some larger weapons.
You have a pair of horns on your head.
You are partially covered in iridescent scales. (AC +2)
Your magical capacity is low. (-10% MP)
You are somewhat resistant to further mutation.
You are slightly more attuned to the shadows.
The pity of the gods increases the power of your passive and invoked divine abilities.


Message History

You puncture the guardian mummy (7)!
The guardian mummy is splashed with acid (1).
You slash the guardian mummy (8)!
The adder skeleton closely misses you (0).
The scorpion pinches you (2). The scorpion closely misses you (0).
The scorpion barely misses you (0). The scorpion closely misses you (0).
The hound skeleton closely misses you (0).
The guardian mummy hits you with a cursed +2 battleaxe of venom {(Curse: Fragile)} (31)!!
Ouch! That really hurt!
* * * LOW HITPOINT WARNING * * *
You are poisoned.
The worker ant zombie bites you (3).
* * * LOW HITPOINT WARNING * * *
The howler monkey skeleton hits you but does no damage.
The scorpion misses you (0). The scorpion barely misses you (0).
The scorpion closely misses you (0).
The scorpion stings you but does no damage.
The adder skeleton bites you (2).
You die...
Your body crumbles into a pile of gold.

...............
.Z.^%..........
...............
......^.?......
...............$
.....MsZMM.....
.M..ZZ@ZMs.....
$....sMZs$.....
.....ZZ.ZZ.....
......Z........
.........^.....
...............
...........?...


You could see 2 guardian mummies, 4 mummies, 4 scorpions, an adder zombie, a
rock worm zombie, 2 wyvern zombies, a worker ant zombie, a hornet zombie, 2
adder skeletons, a hound skeleton and 2 howler monkey skeletons.

Vanquished Creatures
  2 wraiths
  An orc warrior (D:4)
  A phantom (D:4)
  3 scorpions (D:4)
  2 big kobolds (D:2)
  5 bullfrogs
  2 wights (D:3)
  5 crimson imps
  2 hounds
  2 jellies (D:2)
  2 orc wizards (D:4)
  An iguana (D:4)
  A mummy (D:4)
  2 worker ants (D:4)
  A wyvern skeleton (D:4)
  9 giant cockroaches
  An iron imp (D:4)
  3 bullfrog zombies
  4 bullfrog skeletons (D:4)
  7 gnolls
  3 shadow imps (D:4)
  6 adders
  12 sewer rats
  5 cinder newts
  3 worms (D:2)
  3 oozes
  2 leopard geckos (D:1)
  6 orcs (D:4)
  An adder skeleton (D:2)
  2 ball pythons
  3 goblins (D:1)
  4 hobgoblins (D:1)
  10 jackals
  15 kobolds
  A quokka (D:4)
  6 bats
  A bat skeleton (D:2)
  A goblin skeleton (D:2)
  3 rats (D:1)
  4 withered plants (D:2)
147 creatures vanquished.

Vanquished Creatures (others)
  2 wights (D:4)
  A kobold (D:2)
  A giant blowfly (D:4)
  3 slimeheads (D:2)
  150 withered plants (D:2)
157 creatures vanquished.

Grand Total: 304 creatures vanquished

Notes
Turn   | Place    | Note
-------+----------+-------------------------------------------
     0 | D:1      | Chiseanne the Goblin Demonspawn began the quest for the
                  | Orb.
     0 | D:1      | Reached XP level 1. HP: 13/13 MP: 2/2
   102 | D:1      | Gained mutation: You are slightly more attuned to the
                  | shadows. [demonic ancestry]
   102 | D:1      | Reached XP level 2. HP: 19/19 MP: 3/3
   228 | D:1      | Reached XP level 3. HP: 25/25 MP: 4/4
   477 | D:1      | Reached XP level 4. HP: 30/30 MP: 5/5
   871 | D:2      | Reached skill level 5 in Dodging
   875 | D:2      | Found Yssabbol's Antique Weapon Emporium.
   888 | D:2      | Noticed a bullfrog
   896 | D:2      | Noticed a crocodile
  1102 | D:1      | Gained mutation: You have a pair of small horns on your
                  | head. [demonic ancestry]
  1102 | D:1      | Reached XP level 5. HP: 33/36 MP: 6/6
  1243 | D:2      | Learned a level 3 spell: Random Cloud
  1250 | D:2      | Gained mutation: You have a pair of horns on your head.
                  | [demonic ancestry]
  1250 | D:2      | Reached XP level 6. HP: 25/43 MP: 7/7
  1349 | D:2      | Reached skill level 6 in Dodging
  1405 | D:2      | Reached XP level 7. HP: 28/49 MP: 7/8
  1573 | D:2      | Learned a level 2 spell: Blink
  1577 | D:2      | Learned a level 3 spell: Chaotic Cloudburst
  1646 | D:2      | Found Omyar's Jewellery Boutique.
  2018 | D:3      | Reached skill level 7 in Dodging
  2042 | D:3      | Gained mutation: You are partially covered in iridescent
                  | scales. (AC +2) [demonic ancestry]
  2042 | D:3      | Reached XP level 8. HP: 54/54 MP: 9/11
  2550 | D:3      | Reached skill level 5 in Fire Magic
  3035 | D:4      | Found a bloodstained altar of Trog.
  3126 | D:4      | Reached skill level 5 in Spellcasting
  3206 | D:4      | Reached skill level 8 in Dodging
  3462 | D:4      | Found Cewkigar's Book Shoppe.
  3526 | D:4      | Reached XP level 9. HP: 59/59 MP: 14/14
  3597 | D:4      | Reached skill level 1 in Translocations
  3597 | D:4      | Reached skill level 1 in Air Magic
  3597 | D:4      | Reached skill level 1 in Poison Magic
  4107 | D:4      | Found a staircase to the Ecumenical Temple.
  4115 | Temple   | Entered the Ecumenical Temple
  4261 | Temple   | Became a worshipper of Gozag Ym Sagoz the Greedy
  4462 | D:5      | Entered Level 5 of the Dungeon
  4650 | D:4      | Reached skill level 9 in Dodging
  4803 | D:4      | HP: 2/59 [poisoned by a scorpion]
  4810 | D:4      | HP: 1/59 [poisoned by a scorpion]
  4815 | D:4      | HP: 1/59 [poisoned by a scorpion]
  4821 | D:4      | HP: 2/59 [poisoned by a scorpion]
  4827 | D:4      | HP: 2/59 [poisoned by a scorpion]
  4832 | D:4      | HP: 2/59 [poisoned by a scorpion]
  5219 | D:5      | HP: 2/59 [worker ant zombie (3)]
  5219 | D:5      | Slain by an adder skeleton

Levels and vault maps discovered:
D:1:      tarquinn_simple_flora_water_d, layout_loops_corners, first_ration
D:2:      layout_sewer, minitemple, serial_shops, shop, kennysheep_little_box,
          shop, shop_fountains, uniq_edmund, uniq_blork_the_orc
D:3:      layout_rooms
D:4:      layout_long_grid, lemuel_round_altar, lemuel_temple_firewalk_a,
          serial_shops, kennysheep_mini_moat
D:5:      layout_loops_corners, lair_entry_dummy, ossuary_minmay_tomb_2a,
          uniq_psyche
Temple:   hc_temple_tempest_star

Skill      XL: |  1  2  3  4  5  6  7  8  9 |
---------------+----------------------------+-----
Fighting       | 2 3 4 |  4.5
Stealth        | 3 4 |  4.4
Dodging        | 5 6 7 8 9 |  9.0
Spellcasting   | 2 4 5 6 |  6.5
Fire Magic     | 3 4 6 |  6.0
Translocations | 3 |  3.3
Air Magic      | 3 |  3.3
Poison Magic   | 3 |  3.3
Short Blades   | 4 |  4.3
Invocations    | |  4.0

Action                   |  1- 3 |  4- 6 |  7- 9 || total
-------------------------+-------+-------+-------++-------
Melee: Rapier            |    48 |    81 |   164 ||   293
       Unarmed           |    11 |       |       ||    11
       Dagger            |    18 |       |       ||    18
       Short sword       |     3 |    64 |    55 ||   122
       Headbutt          |       |     7 |    10 ||    17
       Long sword        |       |       |    79 ||    79
 Cast: Lick              |       |       |    99 ||    99
       Random Cloud      |       |       |    10 ||    10
Evoke: Wand              |       |       |     1 ||     1
  Use: Scroll            |       |     2 |     6 ||     8
       Potion            |       |       |    10 ||    10
 Stab: Sleeping          |     4 |     4 |     5 ||    13
  Eat: Chunk             |       |     2 |    11 ||    13
       Ration            |       |       |     2 ||     2
Armor: Leather armour    |     9 |    24 |    80 ||   113
Dodge: Dodged            |    58 |   109 |   428 ||   595
Block: Other             |     2 |       |       ||     2
       Rpst.: Long sword |       |       |    78 ||    78
